 Dungeon Crawl Stone Soup version 0.17.1-3-g152610e (webtiles) character file.

121 Locuples the Chopper (level 5, 0/41 HPs)
             Began as a Human Fighter on Mar 25, 2016.
             Was an Initiate of the Shining One.
             Slain by a gnoll
             ... wielding a +0 halberd
              (9 damage)
             ... on level 3 of the Dungeon.
             The game lasted 00:05:52 (1840 turns).

Locuples the Chopper (Human Fighter)                Turns: 1840, Time: 00:05:52

Health: 0/41       AC:  8    Str: 17    XL:     5   Next: 26%
Magic:  5/5        EV:  7    Int:  8    God:    the Shining One [......]
Gold:   141        SH:  9    Dex: 13    Spells: 0 memorised, 4 levels left

rFire  . . .     SeeInvis .     n - +2 falchion (elec)
rCold  . . .     Clarity  .     b - +0 scale mail
rNeg   . . .     SustAt   .     j - +0 shield
rPois  .         Gourm    .     (no helmet)
rElec  .         Spirit   .     r - +0 cloak
rCorr  .         Warding  .     (no gloves)
rMut   .         Stasis   .     (no boots)
MR     .....                    (no amulet)
Stlth  ..........               (no ring)
                                (no ring)

@: not resistant to hostile enchantments, extremely unstealthy
A: no striking features
a: Renounce Religion


You were on level 3 of the Dungeon.
You worshipped the Shining One.
The Shining One was noncommittal.
You were not hungry.

You visited 1 branch of the dungeon, and saw 3 of its levels.

You collected 141 gold pieces.

Inventory:

Hand Weapons
 a - a +0 war axe
 n - a +2 falchion of electrocution (weapon)
Armour
 b - a +0 scale mail (worn)
 j - a +0 shield (worn)
 r - a +0 cloak (worn)
Scrolls
 f - 4 scrolls of identify {unknown}
 g - a scroll of enchant armour {unknown}
 k - a scroll of blinking {unknown}
 l - a scroll of random uselessness {unknown}
 o - a scroll of teleportation {unknown}
 p - a scroll of enchant weapon {unknown}
 q - a scroll of recharging {unknown}
Potions
 c - a potion of curing {unknown}
 d - a potion of might
 i - 2 potions of mutation {unknown}
Comestibles
 e - 4 bread rations
 h - 2 beef jerkies
 m - 2 slices of pizza
 s - a meat ration


   Skills:
 + Level 3.1 Fighting
 * Level 4.6 Axes
 + Level 3.3 Armour
 + Level 3.1 Shields


You had 4 spell levels left.
You didn't know any spells.

Dungeon Overview and Level Annotations

Branches:
Dungeon (3/15)

Altars:
Dithmenos
Sif Muna
Vehumet
The Shining One


Message History

You block the gnoll's attack.
You closely miss the gnoll. The gnoll hits you but does no damage.
You barely miss the gnoll. The gnoll closely misses you.
You slash the gnoll!
The gnoll is heavily wounded.
The gnoll hits you with a halberd!
You hit the gnoll.
The gnoll is almost dead.
You block the gnoll's attack.
You barely miss the gnoll.
The gnoll is almost dead.
The gnoll hits you with a halberd.
Your shield and scale mail prevent you from hitting the gnoll.
The gnoll is almost dead.
The gnoll hits you with a halberd!
* * * LOW HITPOINT WARNING * * *
Your shield and scale mail prevent you from hitting the gnoll.
The gnoll is almost dead.
You block the gnoll's attack. The gnoll hits you with a halberd!
You die...

###.##.#.# #...##.#.#
#.####.#.# ### #.# #.#.#
#.. #.# #.#.# #.# #.#
##.#.# #.# ..###....# #.#
.........# #g# #####....#
#@# ##.#.# #.# #.#.# #.#
#.#.# #.# ####.#.# #.#
#......#######.###
#.#..............########
#......#####.....>...>.
##...........#.#######.


You could see a gnoll.

Vanquished Creatures
  A worker ant (D:3)
  4 adders
  An ooze (D:1)
  3 worms
  An orc (D:3)
  10 bats
  2 giant cockroaches
  4 goblins
  5 hobgoblins
  4 jackals (D:3)
  3 ball pythons
  3 kobolds
  7 rats
48 creatures vanquished.

Notes
Turn   | Place    | Note
--------------------------------------------------------------
     0 | D:1      | Locuples the Human Fighter began the quest for the Orb.
     0 | D:1      | Reached XP level 1. HP: 18/18 MP: 1/1
   129 | D:1      | Reached XP level 2. HP: 17/24 MP: 2/2
   789 | D:2      | Reached XP level 3. HP: 14/29 MP: 3/3
  1031 | D:2      | Found a deep blue altar of Sif Muna.
  1091 | D:2      | Found a faded altar to an unknown god.
  1114 | D:2      | Became a worshipper of Vehumet
  1114 | D:2      | Reached * piety under Vehumet
  1114 | D:2      | Offered knowledge of Sandblast by Vehumet.
  1347 | D:2      | Found a glowing golden altar of the Shining One.
  1354 | D:2      | Fell from the grace of Vehumet
  1354 | D:2      | Became a worshipper of the Shining One
  1451 | D:2      | Found a shadowy altar of Dithmenos.
  1455 | D:2      | Reached skill level 4 in Axes
  1455 | D:2      | Reached XP level 4. HP: 28/35 MP: 4/4
  1753 | D:3      | Reached XP level 5. HP: 32/41 MP: 5/5
  1840 | D:3      | Slain by a gnoll

Action                   |  1- 3 |  4- 6 || total
-------------------------+-------+-------++-------
Melee: War axe           |   109 |       ||   109
       Falchion          |       |    48 ||    48
  Eat: Chunk             |     1 |     2 ||     3
